 Dungeon Crawl Stone Soup version 0.30-a0-802-gb92711bcdf (webtiles) character file.

Game seed: 6207948464379959647

6847 bande the Cleaver (level 11, 0/73 HPs)
             Began as a Gargoyle Fighter on Feb 25, 2023.
             Was a Priest of Okawaru.
             Shot with an arrow by a centaur warrior (15 damage)
             ... on level 9 of the Dungeon.
             The game lasted 00:17:26 (9850 turns).

bande the Cleaver (Gargoyle Fighter)                Turns: 9850, Time: 00:17:27

Health: 0/73       AC: 25    Str: 18    XL:     11   Next: 6%
Magic:  14/14      EV:  7    Int:  9    God:    Okawaru [***...]
Gold:   499        SH:  0    Dex: 13    Spells: 10/10 levels left

rFire   + . .      SeeInvis .    q - +1 arbalest (drain)
rCold   . . .      Faith    .    (shield currently unavailable)
rNeg    + . .      Spirit   .    h - +0 chain mail
rPois   ∞          Reflect  .    (no helmet)
rElec   +          Harm     .    g - scarf {repulsion}
rCorr   .          Rampage  .    f - +1 pair of gloves
Will    .....                    (no boots) Stlth
                                 i - amulet of regeneration
HPRegen 1.12/turn                e - +4 ring of protection
MPRegen 0.14/turn                A - ring of flight

@: flying, repel missiles
A: sickness immunity, AC +8, negative energy resistance 1, electricity
resistance, torment resistance 1, petrification resistance, claws 1, fire
resistance 1, robust 1, weak 1
a: Renounce Religion, Heroism


You were on level 9 of the Dungeon.
You worshipped Okawaru.
Okawaru was most pleased with you.
You visited 2 branches of the dungeon, and saw 10 of its levels.

You collected 499 gold pieces.

Inventory:

Hand Weapons
 a - a +1 war axe of protection
 q - a +1 arbalest of draining (weapon)
 r - a +4 flail of protection
Missiles
 s - 7 throwing nets
Armour
 c - a +0 buckler
 f - a +1 pair of gloves (worn)
 g - a scarf of repulsion (worn)
 h - a +0 chain mail (worn)
 E - a +1 ring mail of fire resistance
Jewellery
 e - a +4 ring of protection (left hand)
 i - an amulet of regeneration (around neck)
 m - a ring of wizardry
 u - a ring of protection from cold
 A - a ring of flight (right hand)
Wands
 o - a wand of mindburst (11)
 y - a wand of flame (6)
 C - a wand of iceblast (5)
Scrolls
 b - a scroll of enchant armour
 j - 2 scrolls of blinking
 n - 2 scrolls of silence
 p - 4 scrolls of teleportation
 v - 4 scrolls of identify
 x - 2 scrolls of magic mapping
 B - a scroll of brand weapon
Potions
 d - 2 potions of might
 k - 3 potions of flight
 l - 2 potions of brilliance
 t - 2 potions of curing
 w - 2 potions of heal wounds
 z - 4 potions of haste
 D - 2 potions of cancellation


   Skills:
 + Level 7.5 Fighting
 + Level 9.9 Axes
 + Level 8.0 Armour
 + Level 6.0 Shields
 * Level 4.5 Invocations
 * Level 5.8 Evocations


You had 10 spell levels left.
You didn't know any spells.
Your spell library contained the following spells:

 Spells                   Type           Power      Damage    Failure   Level
 Slow                     Hex            0%         N/A       98%         1
 Poisonous Vapours        Pois/Air       0%         N/A       99%         2
 Confusing Touch          Hex            0%         N/A       100%        3
 Mephitic Cloud           Conj/Pois/Air  0%         N/A       100%        3
 Vampiric Draining        Necr           0%         2d6       100%        3
 Cause Fear               Hex            0%         N/A       100%        4
 Petrify                  Tmut/Erth      0%         N/A       100%        4
 Irradiate                Conj/Tmut      0%         3d11      100%        5
 Dragon Form              Tmut           0%         N/A       100%        7
 Borgnjor's Revivificati  Necr           0%         N/A       100%        8
 Necromutation            Tmut/Necr      0%         N/A       100%        8
 Death's Door             Necr           0%         N/A       100%        9
 Cigotuvi's Dreadful Rot  Necr/Pois/Air  Unusable   N/A       N/A         2
 Sublimation of Blood     Necr           Unusable   N/A       N/A         2
 Dragon's Call            Summ           Unusable   N/A       N/A         9

Dungeon Overview and Level Annotations

Branches:
Dungeon (9/15)             Temple (1/1) D:7
   Lair: D:8-11         Orc: D:9-12

Altars:
Cheibriados
Dithmenos
Gozag
Kikubaaqudgha
Okawaru
Sif Muna
Trog
The Shining One

Shops:
D:1 [   D:5 [


Innate Abilities, Weirdness & Mutations

You are immune to sickness and miasma.
Your stone body is resilient. (AC +8)
You are immune to poison.
You resist negative energy. (rN+)
You are resistant to electric shocks. (rElec)
You are resistant to unholy torment.
You are immune to petrification.
You have sharp fingernails.
Your flesh is heat resistant. (rF+)
You are robust. (+10% HP)
You are weak. (Str -2)


Message History

You kill the bullfrog!
Okawaru accepts your kill.
You see here a bullfrog corpse.
There is an open door here.
Fire: q) +1 arbalest (drain)
Press: ? - help, Q - select action, (/) - cycle Shift-Dir - straight line
Okay, then.
The orc wizard shouts!
You hear a shout! x2; You hear a bellow!
You hear a shout!
You hear two shouts!
The centaur warrior shoots an arrow.
The arrow hits you!
You hear a shout!
The centaur warrior shoots an arrow.
The arrow hits you!
The centaur warrior shoots an arrow.
The arrow barely misses you.
The centaur warrior shoots an arrow.
The arrow hits you!
The centaur warrior shoots an arrow.
The arrow hits you.
You hear a bellow!
You hear a shout!
The centaur warrior shoots an arrow.
The arrow hits you!
Fire: q) +1 arbalest (drain)
Press: ? - help, Q - select action, (/) - cycle Shift-Dir - straight line, f - centaur warrior
Aim: a centaur warrior, wielding a +0 shortbow and wearing a +0 robe (64% to hit)
You shoot a bolt.
The bolt hits the centaur warrior but does no damage.
You drain the centaur warrior.
The centaur warrior is lightly wounded.
The centaur warrior shoots an arrow.
The arrow hits you but does no damage.
The centaur warrior shoots an arrow.
The arrow hits you!
You hear a bellow!
Fire: q) +1 arbalest (drain)
Press: ? - help, Q - select action, (/) - cycle Shift-Dir - straight line, f/p - centaur warrior
Aim: a centaur warrior, wielding a +0 shortbow and wearing a +0 robe (lightly wounded, lightly drained, 64% to hit)
You shoot a bolt. The bolt hits the centaur warrior.
The centaur warrior is lightly wounded.
The centaur warrior shoots an arrow.
The arrow hits you.
The centaur warrior shoots an arrow.
The arrow hits you!
* * * LOW HITPOINT WARNING * * *
The centaur warrior shoots an arrow.
The arrow barely misses you.
The centaur warrior shoots an arrow.
The arrow hits you!
You die...

............# ##############.....
.###....?...# #.....# #.....
.#.####..#..# #....##### #.....
.'....'.....# #....#...# ####†#
.####'####### #....#.#.# #...
.###..†'...# ####'##...# #.#.
.#.#.#.#...# #.........#### #...
.#.#...#...####......#.....###...
##.######.......@.#####.....)).#.
'..##.. #≈~~~~≈~~~# #.....#....
#..##.. #≈≈~≈≈≈≈≈≈# #......)###
#'###...#8≈≈≈≈≈≈≈8# #########
#...#...#####c#####
#.#.#...'..gOo..y.# ######
#...#...#......o..# #....######
....#####..#####.?'.. #..#.......
#..##...'..# ..#.. #.....#..#.


You could see a centaur warrior (drained), a two-headed ogre and an orc wizard.

Vanquished Creatures
  Harold (D:9)
  A two-headed ogre (D:9)
  Maurice (D:8)
  Sigmund (D:2)
  A wraith (D:5)
  A shadow (D:9)
  Eustachio (D:4)
  4 wyverns
  A vampire (D:9)
  3 steam dragons (D:8)
  Edmund (D:4)
  A water moccasin (D:9)
  4 orc warriors
  An ice beast (D:5)
  2 sky beasts
  A black bear (D:5)
  3 ogres
  4 centaurs
  8 bullfrogs
  2 gnoll sergeants (D:9)
  3 necrophages
  A scorpion (D:7)
  6 wights
  A howler monkey (D:5)
  6 orc priests
  3 jellies
  7 hounds
  A gnoll bouda (D:5)
  4 iguanas
  6 orc wizards
  5 adders
  13 gnolls
  A shadow imp (D:6)
  2 white imps
  2 ufetubi
  2 worms
  3 dart slugs
  19 orcs
  6 bats
  3 endoplasms (D:1)
  2 giant cockroaches
  5 goblins
  6 hobgoblins
  4 jackals (D:3)
  2 quokkas
  5 ball pythons
  2 frilled lizards
  8 kobolds
  2 rats
172 creatures vanquished.

Notes
Turn   | Place    | Note
-------+----------+-------------------------------------------
     0 | D:1      | bande the Gargoyle Fighter began the quest for the Orb.
     0 | D:1      | Reached XP level 1. HP: 14/14 MP: 1/1
    77 | D:1      | Found Urghocaing's Armour Emporium.
    96 | D:1      | Reached skill level 2 in Axes
   107 | D:1      | Reached XP level 2. HP: 11/19 MP: 2/2
   905 | D:2      | Reached XP level 3. HP: 22/24 MP: 3/3
   985 | D:2      | Noticed Sigmund
   997 | D:2      | Killed Sigmund
   998 | D:2      | Reached skill level 3 in Axes
   998 | D:2      | Reached XP level 4. HP: 16/29 MP: 4/4
   998 | D:2      | Reached XP level 5. HP: 18/33 MP: 5/5
  1066 | D:2      | Reached skill level 4 in Axes
  1109 | D:2      | Identified the +2 trident of Qampuuhe {vamp, rC+}
  1853 | D:3      | Reached XP level 6. HP: 38/39 MP: 6/6
  1904 | D:3      | Found a faded altar of an unknown god.
  2339 | D:3      | Noticed an orc warrior
  2358 | D:3      | Killed an orc warrior
  2564 | D:4      | Noticed Eustachio
  2580 | D:4      | Reached skill level 1 in Evocations
  2587 | D:4      | Reached skill level 5 in Axes
  2587 | D:4      | Reached XP level 7. HP: 6/44 MP: 7/7
  2590 | D:4      | Gained mutation: Your flesh is heat resistant. (rF+)
                  | [potion of mutation]
  2590 | D:4      | Gained mutation: You are weak. (Str -2) [potion of
                  | mutation]
  2590 | D:4      | Gained mutation: You sometimes lose your temper in combat.
                  | [potion of mutation]
  2590 | D:4      | Gained mutation: You are partially covered in iridescent
                  | scales. (AC +2) [potion of mutation]
  2599 | D:4      | Killed Eustachio
  2722 | D:4      | Noticed Edmund
  2746 | D:4      | Killed Edmund
  2770 | D:4      | Reached skill level 5 in Armour
  2894 | D:4      | Reached XP level 8. HP: 48/48 MP: 8/8
  2899 | D:4      | Reached skill level 5 in Fighting
  2971 | D:4      | Found a snail-covered altar of Cheibriados.
  3123 | D:5      | Entered Level 5 of the Dungeon
  3125 | D:5      | Lost mutation: You are partially covered in iridescent
                  | scales. (AC +2) [potion of mutation]
  3125 | D:5      | Lost mutation: You sometimes lose your temper in combat.
                  | [potion of mutation]
  3125 | D:5      | Gained mutation: You are robust. (+10% HP) [potion of
                  | mutation]
  3125 | D:5      | Gained mutation: You have sharp fingernails. [potion of
                  | mutation]
  3191 | D:5      | Reached skill level 6 in Axes
  3272 | D:5      | Noticed a wraith
  3287 | D:5      | Killed a wraith
  3697 | D:5      | Reached skill level 7 in Axes
  3986 | D:5      | Found Limmiylu's Armour Shop.
  4523 | D:6      | Reached XP level 9. HP: 57/59 MP: 9/9
  5343 | D:7      | Reached skill level 8 in Axes
  5493 | D:7      | Found a staircase to the Ecumenical Temple.
  5504 | D:7      | Reached skill level 5 in Shields
  5509 | Temple   | Entered the Ecumenical Temple
  5529 | Temple   | Became a worshipper of Warmaster Okawaru
  6008 | D:7      | Reached skill level 1 in Invocations
  6909 | D:8      | Reached XP level 10. HP: 67/67 MP: 11/11
  7010 | D:8      | Noticed Maurice
  7025 | D:8      | Reached * piety under Okawaru
  7039 | D:8      | Killed Maurice
  7508 | D:8      | Reached skill level 9 in Axes
  7508 | D:8      | Reached skill level 5 in Evocations
  7666 | D:9      | Reached ** piety under Okawaru
  7671 | D:9      | Noticed a two-headed ogre
  8052 | D:9      | Noticed a two-headed ogre
  8059 | D:9      | Killed a two-headed ogre
  8466 | D:9      | Noticed Harold
  8491 | D:9      | Killed Harold
  8491 | D:9      | Reached *** piety under Okawaru
  8525 | D:9      | Reached XP level 11. HP: 73/73 MP: 10/14
  8717 | D:9      | Noticed a two-headed ogre
  8717 | D:9      | Noticed a centaur warrior
  9850 | D:9      | Shot with an arrow by a centaur warrior

Illustrated notes

Levels and vault maps discovered:
D:1:      dpeg_arrival_tiny_j, layout_loops_cross, serial_shops,
          nicolae_shop_hallway_stairs
D:2:      layout_loops_ring, serial_co_window_serial, co_window_paths_a,
          co_window_corner_a, co_window_paths_a, co_window_of_opportunity_a,
          co_window_paths_a, co_window_cross_1, co_window_cross_1,
          co_window_broadway_a, co_window_corner_cb, co_window_2corner,
          glass_columns_b, glass_columns_b, eino_tiny_chamber, grunt_decor_cap,
          chequers_serial_rivers_micro_d, uniq_sigmund
D:3:      layout_basic, hellmonk_ecumenical_altar_pennies_from_heaven
D:4:      layout_rooms, kennysheep_slug_shrine, uniq_eustachio, uniq_edmund
D:5:      minmay_inner_zag, layout_gridville, serial_shops,
          nicolae_lakefront_shop, roderic_lattice_a
D:6:      layout_loops_corners, minivault_27
D:7:      layout_layer_cave, minmay_temple_entry_arrows,
          hangedman_decor_clover_reticule
D:8:      cheibrodos_steamvent, layout_gridville, grunt_ogre_cave, uniq_maurice
D:9:      layout_stronghold, david_orc_5, amcnicky_mini_rare_corridor_liquid,
          moated_statue, evilmike_minifort, uniq_harold
Temple:   compressed_dpeg_circular_temple

Skill      XL: |  1  2  3  4  5  6  7  8  9 10 11 |
---------------+----------------------------------+-----
Axes           | 2 3 4 5 7 8 9 |  9.9
Fighting       | 4 5 6 7 |  7.5
Armour         | 4 5 6 7 8 |  8.0
Shields        | 4 5 6 |  6.0
Evocations     | 1 2 3 4 5 |  5.8
Invocations    | 2 4 |  4.5

Action                     |  1- 3 |  4- 6 |  7- 9 | 10-12 || total
---------------------------+-------+-------+-------+-------++-------
  Melee: War axe           |    64 |   162 |   394 |   226 ||   846
   Fire: Arbalest          |       |       |       |    18 ||    18
    Use: Potion            |     1 |       |     6 |       ||     7
         Scroll            |       |    10 |     5 |     4 ||    19
 Armour: Scale mail        |    57 |   106 |   161 |       ||   324
         Chain mail        |       |       |    99 |   261 ||   360
  Dodge: Dodged            |    23 |    70 |   191 |   113 ||   397
         Repelled          |       |       |       |     2 ||     2
  Block: Buckler           |    11 |    43 |   101 |    72 ||   227

Table legend: (Time is in decaauts)
 A = Elapsed time spent in this place.
 B = Non-inter-level travel time spent in this place.
 C = Inter-level travel time spent in this place.
 D = Time resting spent in this place.
 E = Time spent auto-exploring this place.
 F = Levels seen in this place.
 G = Mean time per level.
                   A        B        C        D        E       F      G
               +--------+--------+--------+--------+--------+-----+--------+
         Total |  10076 |   9921 |    155 |   1913 |   5833 |  10 | 1007.6 |
       Dungeon |  10041 |   9886 |    155 |   1913 |   5830 |   9 | 1115.7 |
        Temple |     34 |     34 |      0 |      0 |      3 |   1 |   34.0 |
               +--------+--------+--------+--------+--------+-----+--------+

Top non-repeatable levels by time:
     D:9: 2318 daAuts
     D:7: 1500 daAuts
     D:5: 1131 daAuts
     D:6: 978 daAuts
     D:2: 970 daAuts
     D:1: 911 daAuts
     D:8: 875 daAuts
     D:3: 755 daAuts
     D:4: 599 daAuts
  Temple: 34 daAuts
